 Dungeon Crawl Stone Soup version 0.29-a0-495-g17b79114eb (webtiles) character file.

Game seed: 12084557646506557788

266 jlumianski the Firebug (level 5, -4/39 HPs)
             Began as a Demigod Fire Elementalist on May 27, 2022.
             Killed from afar by Ijyb (29 damage)
             ... with a bolt of acid
             ... on level 4 of the Dungeon.
             The game lasted 00:21:41 (4100 turns).

jlumianski the Firebug (Demigod Fire Elementalist)  Turns: 4100, Time: 00:21:51

Health: -4/39      AC:  0    Str: 12    XL:     5   Next: 67%
Magic:  8/12       EV: 12    Int: 21    God:
Gold:   876        SH:  0    Dex: 14    Spells: 2/10 levels left

rFire   . . .      SeeInvis .   v - +6 lajatang (spect)
rCold   . . .      Faith    .   (shield currently unavailable)
rNeg    + . .      Spirit   .   a - +0 robe
rPois   .          Reflect  .   (no helmet)
rElec   .          Harm     .   (no cloak)
rCorr   .          Rampage  .   f - +1 pair of gloves {Str+3}
Will    .....                   (no boots)
Stlth   ++........              (no amulet)
HPRegen 0.13/turn               o - ring of positive energy
MPRegen 0.13/turn               (no ring)

@: corroded, attractive
A: high MP 1, forlorn, divine attributes
a: no special abilities


You were on level 4 of the Dungeon.
You visited 1 branch of the dungeon, and saw 5 of its levels.

You collected 876 gold pieces.

Inventory:

Hand Weapons
 h - a +0 short sword
 k - a +1 dagger
 u - a +0 short sword
 v - a +6 spectral lajatang (weapon)
Missiles
 d - 6 javelins
 g - 142 stones
 i - 4 poisoned darts
Armour
 a - a +0 robe (worn)
 f - a +1 pair of gloves of strength (worn)
 m - a +1 chain mail of poison resistance
Jewellery
 o - a ring of positive energy (left hand)
Wands
 s - a wand of paralysis (19)
Scrolls
 c - 2 scrolls of immolation
 e - 2 scrolls of blinking
 n - a scroll of enchant weapon
 q - a scroll of amnesia
 t - 2 scrolls of teleportation
Potions
 b - a potion of magic
 j - 3 potions of haste
 l - a potion of attraction
 p - a potion of might {unknown}
 r - a potion of mutation {unknown}
 w - a potion of lignification {unknown}


   Skills:
 + Level 0.3 Fighting
 * Level 1.5 Staves
 - Level 1.9 Dodging
 - Level 2.4 Stealth
 - Level 3.0 Spellcasting
 - Level 1.6 Conjurations
 - Level 4.4 Fire Magic


You had 2 spell levels left.
You knew the following spells:

 Your Spells              Type           Power      Damage    Failure   Level
a - Foxfire               Conj/Fire      64%        2x1d7     3%          1
b - Scorch                Fire           42%        2d7       3%          2
c - Conjure Flame         Conj/Fire      16%        6-21      12%         3
d - Searing Ray           Conj           20%        2d5       10%         2

Your spell library contained the following spells:

 Spells                   Type           Power      Damage    Failure   Level
 Magic Dart               Conj           40%        1d5       7%          1
 Necrotize                Necr           12%        1d4       13%         1
 Inner Flame              Hex/Fire       12%        N/A       16%         3
 Vampiric Draining        Necr           3%         2d6       36%         3
 Flame Wave               Conj/Fire      16%        2d6       36%         4
 Fulminant Prism          Conj/Hex       3%         3d6       67%         4
 Agony                    Necr           3%         N/A       98%         5


Dungeon Overview and Level Annotations

Branches:
Dungeon (5/15)
 Temple: D:4-7

Annotations:
D:4 Ijyb


Innate Abilities, Weirdness & Mutations

You have an increased reservoir of magic. (+10% MP)
You shall have no god before yourself.
Your divine heritage dramatically boosts your attributes as you level up.


Message History

Casting: Foxfire (safe; 3% risk of failure)
Confirm with . or Enter, or press ? or * to list all spells.
Flames lash the hound.
The hound is severely wounded.
The hound's fire resistance burns away.
The foxfire hits the hound.
The hound is severely wounded.
The foxfire hits the hound.
The hound is burned terribly!
The hound is almost dead.
Unknown command.
The hound bites you but does no damage.
You closely miss the hound.
The hound is almost dead.
The hound bites you. x2
The hound attacks as you move away! The hound bites you. The hound misses you.
Casting: Scorch (safe; 3% risk of failure)
Confirm with . or Enter, or press ? or * to list all spells.
Flames lash the hound.
The hound is burned terribly!
You kill the hound!
You see here a hound corpse.
You now have 876 gold pieces (gained 9).
You see here a +0 whip.
Ijyb shouts!
You hear an angry hiss.
Ijyb zaps a wand.
The bolt of acid hits you! The acid corrodes you!
Really quaff the potion of attraction?
You feel attractive to monsters. Ijyb is attracted toward you.
The ball python is attracted toward you.
Casting: Scorch (safe; 3% risk of failure)
Confirm with . or Enter, or press ? or * to list all spells.
Flames lash Ijyb.
Ijyb is moderately wounded.
Ijyb's fire resistance burns away.
Ijyb misses you.
Casting: Scorch (safe; 3% risk of failure)
Confirm with . or Enter, or press ? or * to list all spells.
Flames lash Ijyb.
Ijyb is moderately wounded.
The ball python barely misses you. x2; Ijyb zaps a wand.
The bolt of acid hits you!!
Ouch! That really hurt!
You die...

### ..# #.###
#.#.##########
#######..#.........#
####....S...ยง# #.#
.......@g..### #.##
####.#####.# #...
#.##########..# #(#
#........)....# #.#
#.##########.## #.#
# #.# #.# #.# .# #.#
#.# #.#####..# #.#
#.## ......#..# #.#
#...


You could see Ijyb (combustible) and a ball python.

Vanquished Creatures
  2 hounds (D:4)
  Jessica (D:1)
  2 iguanas (D:4)
  Terence (D:2)
  3 adders
  2 worms (D:2)
  4 dart slugs
  6 orcs
  5 endoplasms
  2 giant cockroaches (D:1)
  3 goblins
  9 hobgoblins
  2 jackals (D:1)
  5 kobolds
  A quokka (D:2)
  3 ball pythons
  4 bats
  3 frilled lizards
  7 rats
65 creatures vanquished.

Vanquished Creatures (others)
  139 foxfires
  15 plants (D:2)
154 creatures vanquished.

Grand Total: 219 creatures vanquished

Notes
Turn   | Place    | Note
-------+----------+-------------------------------------------
     0 | D:1      | jlumianski the Demigod Fire Elementalist began the quest
                  | for the Orb.
     0 | D:1      | Reached XP level 1. HP: 14/14 MP: 5/5
   272 | D:2      | Noticed Jessica
   434 | D:1      | Reached skill level 3 in Fire Magic
   523 | D:2      | Reached XP level 2. HP: 20/20 MP: 4/7
   534 | D:2      | Learned a level 2 spell: Scorch
   837 | D:1      | Reached skill level 1 in Conjurations
  1564 | D:1      | Killed Jessica
  1565 | D:1      | Reached XP level 3. HP: 20/26 MP: 2/9
  1974 | D:2      | Reached XP level 4. HP: 32/33 MP: 1/10
  2180 | D:2      | Noticed Terence
  2190 | D:2      | Killed Terence
  2329 | D:2      | Identified a scroll of acquirement
  2329 | D:2      | Acquired 713 gold pieces
  2477 | D:3      | Learned a level 3 spell: Conjure Flame
  2629 | D:3      | Reached skill level 4 in Fire Magic
  2709 | D:3      | Learned a level 2 spell: Searing Ray
  3472 | D:5      | Entered Level 5 of the Dungeon
  3511 | D:4      | Reached XP level 5. HP: 21/38 MP: 3/12
  3746 | D:4      | Acquired a +6 spectral lajatang
  3926 | D:4      | Reached skill level 1 in Staves
  3942 | D:4      | Noticed Ijyb
  4100 | D:4      | Killed from afar by Ijyb

Illustrated notes

Levels and vault maps discovered:
D:1:      wheals_arrival_linesprint, layout_basic, ebering_ecumenical_altar_hall
D:2:      layout_rooms, fountainhead, serial_bayou_lake_a, uniq_terence,
          uniq_jessica
D:3:      layout_rooms, fiery_altar_vehumet
D:4:      layout_loops_ring, trog_book, minivault_5, uniq_ijyb
D:5:      layout_cave_pools, kennysheep_slug_shrine, minmay_temple_entry_mist,
          nrook_campfire, uniq_duvessa

Skill      XL: |  1  2  3  4  5 |
---------------+----------------+-----
Spellcasting   | 2 3 |  3.0
Fire Magic     | 3 4 |  4.4
Conjurations   | 1 |  1.6
Stealth        | 2 |  2.4
Staves         | 1 |  1.5
Fighting       | |  0.3
Dodging        | |  1.9

Action                   |  1- 3 |  4- 6 || total
-------------------------+-------+-------++-------
Melee: Unarmed           |    10 |       ||    10
       Dagger            |     4 |     2 ||     6
       Short sword       |       |     6 ||     6
       Lajatang          |       |     2 ||     2
 Cast: Foxfire           |    43 |    39 ||    82
       Scorch            |    13 |    14 ||    27
  Use: Scroll            |     5 |     7 ||    12
       Potion            |       |     1 ||     1
Armor: Robe              |     6 |    10 ||    16
Dodge: Dodged            |    33 |    20 ||    53

Table legend: (Time is in decaauts)
 A = Elapsed time spent in this place.
 B = Non-inter-level travel time spent in this place.
 C = Inter-level travel time spent in this place.
 D = Time resting spent in this place.
 E = Time spent auto-exploring this place.
 F = Levels seen in this place.
 G = Mean time per level.
                   A        B        C        D        E       F      G
               +--------+--------+--------+--------+--------+-----+--------+
         Total |   4138 |   3958 |    180 |    812 |   1595 |   5 |  827.6 |
       Dungeon |   4138 |   3958 |    180 |    812 |   1595 |   5 |  827.6 |
               +--------+--------+--------+--------+--------+-----+--------+

Top non-repeatable levels by time:
     D:1: 1699 daAuts
     D:2: 826 daAuts
     D:4: 822 daAuts
     D:3: 783 daAuts
     D:5: 8 daAuts
